 Dungeon Crawl Stone Soup version 0.30-a0-860-g512cf1e979 (webtiles) character file.

Game seed: 13217900293714104092

1487 qeuew the Cudgeller (level 8, -1/62 HPs)
             Began as a Demonspawn Monk on Mar 7, 2023.
             Was a Believer of Dithmenos.
             Slain by Edmund
             ... wielding a +2 flail of protection
              (10 damage)
             ... on level 5 of the Dungeon.
             The game lasted 00:06:01 (3788 turns).

qeuew the Cudgeller (Demonspawn Monk)               Turns: 3788, Time: 00:06:01

Health: -1/62      AC:  3    Str: 13      XL:     8   Next: 50%
Magic:  8/8        EV: 15    Int: 10 (12) God:    Dithmenos [**....]
Gold:   204        SH:  4    Dex: 20      Spells: 7/7 levels left

rFire   + . .      SeeInvis .    a - +1 mace
rCold   + + .      Faith    .    (no shield)
rNeg    + . .      Spirit   .    b - +1 robe
rPois   .          Reflect  .    (helmet restricted)
rElec   .          Rampage  .    f - scarf {rC+ rF+}
rCorr   .                        (no gloves)
Will    .....                    (no boots)
Stlth   +++++                    (no amulet)
HPRegen 0.30/turn                i - ring of positive energy {GD2}
MPRegen 0.11/turn                (no ring)

@: about to teleport, wreathed by umbra
A: antennae 2, thin skeletal structure 2, powered by death 1, large bone plates
1, cold resistance 1, deterioration 1, MP-powered wands
a: Renounce Religion, Shadow Step


You were on level 5 of the Dungeon.
You worshipped Dithmenos.
Dithmenos was pleased with you.
You visited 2 branches of the dungeon, and saw 6 of its levels.

You collected 204 gold pieces.

Inventory:

Hand Weapons
 a - a +1 mace (weapon)
 d - the +5 sling of the Spider {drain, Will+ MP+9 Dex+2 SInv}
   (You found it on level 2 of the Dungeon)

   Dex:       It affects your dexterity (+2).
   MP:        It affects your magic capacity (+9).
   SInv:      It lets you see invisible.
   Will:      It increases your willpower.
Armour
 b - a +1 robe (worn)
 f - a scarf of resistance (worn)
Jewellery
 i - a ring of positive energy (left hand) {GD2}
Scrolls
 g - 3 scrolls of brand weapon {unknown}
 h - 2 scrolls of magic mapping {unknown}
 j - a scroll of identify
 k - a scroll of immolation
Potions
 c - a potion of ambrosia
 l - a potion of haste {unknown}
 m - a potion of degeneration {unknown}


   Skills:
 + Level 5.2 Fighting
 * Level 6.3 Maces & Flails
 + Level 3.4 Ranged Weapons
 + Level 3.6 Armour
 + Level 4.8 Dodging
 - Level 1.7 Stealth


You had 7 spell levels left.
You didn't know any spells.
Your spell library contained the following spells:

 Spells                   Type           Power      Damage    Failure   Level
 Magic Dart               Conj           0%         1d3       36%         1
 Call Imp                 Summ           0%         N/A       50%         2
 Mephitic Cloud           Conj/Pois/Air  0%         N/A       75%         3


Dungeon Overview and Level Annotations

Branches:
Dungeon (5/15)             Temple (1/1) D:4

Altars:
Ashenzari
Cheibriados
Dithmenos
Gozag
Makhleb
Nemelex Xobeh
Okawaru
Qazlal
Ru
Sif Muna
Trog
Uskayaw
Vehumet
Wu Jian
Xom
Yredelemnul

Shops:
D:1 ([

Annotations:
D:5 Edmund


Innate Abilities, Weirdness & Mutations

You have a pair of antennae on your head.
You have a moderately thin skeletal structure. (Dex +4, Stealth++)
You regenerate a little health from kills.
You are partially covered in large bone plates. (SH +4)
Your flesh is cold resistant. (rC+)
Your body sometimes deteriorates upon taking damage.
You expend magic power (3 MP) to strengthen your wands.


Message History

Edmund is nearby!
You shoot a sling bullet.
The sling bullet hits Edmund but does no damage.
Edmund is lightly wounded.
You shoot a sling bullet.
The sling bullet hits Edmund but does no damage.
Edmund is lightly wounded.
Edmund hits you with a +2 flail of protection! x2
Your body deteriorates!
You feel dopey.
Edmund is nearby!
You shoot a sling bullet.
The sling bullet hits Edmund but does no damage.
Edmund is lightly wounded.
Edmund hits you with a +2 flail of protection!
Your body deteriorates!
You feel dopey.
Edmund is nearby!
You are too injured to fight recklessly!
Edmund is nearby!
You are too injured to fight recklessly!
You are too injured to fight recklessly!
You are too injured to fight recklessly!
Unknown command.
You are too injured to fight recklessly!
You are too injured to fight recklessly!
You are too injured to fight recklessly!
You feel your magic capacity decrease.
a - a +1 mace (weapon)
You barely miss Edmund.
Edmund is lightly wounded.
Edmund hits you with a +2 flail of protection!
You closely miss Edmund.
Edmund is lightly wounded.
Edmund hits you with a +2 flail of protection!
* * * LOW HITPOINT WARNING * * *
Edmund asks, "Have you met my wondrous brother?"
Edmund barely misses you.
As you read the scroll of teleportation, it crumbles to dust.
You feel strangely unstable.
Edmund hits you with a +2 flail of protection!
You die...

............ .... .../..# #...
......# #..#....... #..#.#...#
#..# ....# #######..###...#.###
............@.."....
.######.####@#$#....
###.####.#.#.###..##...##
##......)................
#....####.#..##.........#
#.....................#.#
#.###....)........ #.......#
#...............#####.......##
#####......).)..............#.
######....####)#.######........


You could see Edmund.

Vanquished Creatures
  Pikel (D:5)
  Sigmund (D:2)
  Menkaure (D:4)
  A water moccasin (D:4)
  2 lemures (D:5)
  Blork the orc (D:5)
  A gnoll sergeant (D:5)
  2 scorpions
  A hound (D:5)
  An orc priest (D:5)
  Crazy Yiuf (D:4)
  Jessica (D:2)
  An iguana (D:5)
  A sleepcap (D:4)
  2 orc wizards (D:5)
  Robin (D:4)
  4 gnolls (D:5)
  4 adders
  An ufetubus (D:5)
  3 worms
  6 dart slugs
  13 orcs
  5 endoplasms
  3 giant cockroaches
  14 goblins
  15 hobgoblins
  7 jackals
  5 kobolds
  6 quokkas
  8 ball pythons
  5 bats
  4 rats
122 creatures vanquished.

Notes
Turn   | Place    | Note
-------+----------+-------------------------------------------
     0 | D:1      | qeuew the Demonspawn Monk began the quest for the Orb.
     0 | D:1      | Reached XP level 1. HP: 18/18 MP: 1/1
   309 | D:1      | Gained mutation: You have a pair of small antennae on your
                  | head. [demonic ancestry]
   309 | D:1      | Reached XP level 2. HP: 23/24 MP: 2/2
   384 | D:1      | Reached skill level 3 in Maces & Flails
   539 | D:1      | Found Azuletan's Armour Shoppe.
   684 | D:1      | Found Zikhilibb's Weapon Emporium.
   865 | D:1      | Found a faded altar of an unknown god.
   964 | D:2      | Reached XP level 3. HP: 16/29 MP: 3/3
  1017 | D:2      | Identified the +5 sling of the Spider {drain, Will+ MP+9
                  | Dex+2 SInv}
  1103 | D:2      | Noticed Jessica
  1110 | D:2      | Killed Jessica
  1111 | D:2      | Reached skill level 1 in Armour
  1152 | D:2      | Noticed Sigmund
  1157 | D:2      | Killed Sigmund
  1158 | D:2      | Reached skill level 4 in Maces & Flails
  1158 | D:2      | Reached skill level 1 in Ranged Weapons
  1158 | D:2      | Gained mutation: You regenerate a little health from kills.
                  | [demonic ancestry]
  1158 | D:2      | Reached XP level 4. HP: 33/37 MP: 4/4
  1158 | D:2      | Gained mutation: You have a somewhat thin skeletal
                  | structure. (Dex +2, Stealth+) [demonic ancestry]
  1158 | D:2      | Reached XP level 5. HP: 38/42 MP: 5/5
  1339 | D:2      | Found the +5 robe of Misfortune {Harm *Corrode *Slow EV+5}
  1875 | D:3      | Gained mutation: You have a moderately thin skeletal
                  | structure. (Dex +4, Stealth++) [demonic ancestry]
  1875 | D:3      | Reached XP level 6. HP: 48/48 MP: 6/6
  1937 | D:3      | Found an ornate altar of the Wu Jian Council.
  2256 | D:3      | Gained mutation: You are dopey. (Int -2) [potion of
                  | mutation]
  2256 | D:3      | Gained mutation: You have large cloven feet. [potion of
                  | mutation]
  2281 | D:4      | Noticed a water moccasin
  2288 | D:4      | Killed a water moccasin
  2377 | D:4      | Noticed Menkaure
  2382 | D:4      | Killed Menkaure
  2478 | D:4      | Gained mutation: You have a pair of antennae on your head.
                  | [demonic ancestry]
  2478 | D:4      | Reached XP level 7. HP: 54/54 MP: 7/7
  2699 | D:4      | Noticed Robin
  2717 | D:4      | Killed Robin
  2727 | D:4      | Reached skill level 5 in Maces & Flails
  2879 | D:4      | Found a staircase to the Ecumenical Temple.
  2957 | Temple   | Entered the Ecumenical Temple
  3061 | Temple   | Became a worshipper of Dithmenos the Shadowed
  3061 | Temple   | Reached * piety under Dithmenos
  3061 | Temple   | Reached ** piety under Dithmenos
  3200 | D:4      | Found a runed translucent door.
  3201 | D:4      | Noticed Crazy Yiuf
  3287 | D:4      | Identified the +0 robe of Noon {-Tele rElec rC+}
  3343 | D:4      | Killed Crazy Yiuf
  3347 | D:4      | Lost mutation: You are dopey. (Int -2) [potion of mutation]
  3347 | D:4      | Lost mutation: You have large cloven feet. [potion of
                  | mutation]
  3347 | D:4      | Gained mutation: You expend magic power (3 MP) to
                  | strengthen your wands. [potion of mutation]
  3347 | D:4      | Gained mutation: You are partially covered in large bone
                  | plates. (SH +4) [potion of mutation]
  3347 | D:4      | Gained mutation: Your body sometimes deteriorates upon
                  | taking damage. [potion of mutation]
  3347 | D:4      | Gained mutation: Your flesh is cold resistant. (rC+)
                  | [potion of mutation]
  3379 | D:5      | Entered Level 5 of the Dungeon
  3472 | D:5      | Found a burning altar of Makhleb.
  3474 | D:5      | Found a snail-covered altar of Cheibriados.
  3476 | D:5      | Found a basalt altar of Yredelemnul.
  3503 | D:5      | Noticed Pikel
  3530 | D:5      | Killed Pikel
  3531 | D:5      | Reached XP level 8. HP: 53/61 MP: 8/8
  3541 | D:5      | Reached skill level 5 in Fighting
  3544 | D:5      | Reached skill level 6 in Maces & Flails
  3646 | D:5      | Noticed Blork the orc
  3653 | D:5      | Killed Blork the orc
  3778 | D:5      | Noticed Edmund
  3788 | D:5      | Slain by Edmund

Illustrated notes

Levels and vault maps discovered:
D:1:      psy_arrival_radial01, layout_basic,
          shapermc_ecumenical_altar_mp_ritualfount, serial_shops,
          nicolae_shop_bloodbath_and_beyond, nicolae_shop_stone,
          minmay_misc_feat_nine_boxes, hex_large
D:2:      layout_rooms, serial_corexii_hall, chequers_hall_statues_corner_a,
          corexii_hall_statues_x, minivault_11, uniq_jessica, uniq_sigmund
D:3:      layout_loops_ring, mainiacjoe_overflow_boulevard
D:4:      layout_basic, minmay_temple_entry_large_hall,
          kennysheep_generic_room_4, uniq_crazy_yiuf_cottage, uniq_menkaure,
          uniq_robin
D:5:      layout_basic, minitemple, uniq_blork_the_orc, uniq_pikel, uniq_edmund
Temple:   nicolae_temple_bog_church

Skill      XL: |  1  2  3  4  5  6  7  8 |
---------------+-------------------------+-----
Maces & Flails | 3 4 5 6 |  6.3
Dodging        | 3 4 |  4.8
Armour         | 1 2 3 |  3.6
Ranged Weapons | 1 2 3 |  3.4
Fighting       | 4 5 |  5.2
Stealth        | |  1.7

Action                     |  1- 3 |  4- 6 |  7- 9 || total
---------------------------+-------+-------+-------++-------
  Melee: Mace              |    69 |       |     2 ||    71
         Punch             |     1 |       |       ||     1
   Fire: Sling             |    24 |    74 |   142 ||   240
    Use: Scroll            |     4 |     6 |     2 ||    12
         Potion            |     1 |     3 |     1 ||     5
   Stab: Sleeping          |     2 |       |       ||     2
 Armour: Robe              |    15 |     1 |    18 ||    34
  Dodge: Dodged            |    76 |    15 |    67 ||   158
  Block: Other             |       |       |     7 ||     7

Table legend: (Time is in decaauts)
 A = Elapsed time spent in this place.
 B = Non-inter-level travel time spent in this place.
 C = Inter-level travel time spent in this place.
 D = Time resting spent in this place.
 E = Time spent auto-exploring this place.
 F = Levels seen in this place.
 G = Mean time per level.
                   A        B        C        D        E       F      G
               +--------+--------+--------+--------+--------+-----+--------+
         Total |   3878 |   3678 |    200 |      0 |   3011 |   6 |  646.3 |
       Dungeon |   3748 |   3598 |    150 |      0 |   2946 |   5 |  749.6 |
        Temple |    129 |     80 |     49 |      0 |     65 |   1 |  129.0 |
               +--------+--------+--------+--------+--------+-----+--------+

Top non-repeatable levels by time:
     D:4: 1002 daAuts
     D:1: 956 daAuts
     D:2: 765 daAuts
     D:3: 595 daAuts
     D:5: 428 daAuts
  Temple: 129 daAuts
